 Dungeon Crawl Stone Soup version 0.24-a0-779-g36f0aeb (webtiles) character file.

Game seed: 793371447543853328, levelgen mode: deterministic

158 2tousent the Sneak (level 5, -2/41 HPs)
             Began as a Formicid Fighter on Oct 7, 2019.
             Was a Believer of Makhleb.
             Slain by an orc
             ... wielding a +1 dagger of venom
              (4 damage)
             ... on level 3 of the Dungeon.
             The game lasted 00:04:22 (1760 turns).

2tousent the Sneak (Formicid Fighter)               Turns: 1760, Time: 00:04:23

Health: -2/41      AC:  6    Str: 21    XL:     5   Next: 67%
Magic:  6/6        EV:  7    Int:  7    God:    Makhleb [**....]
Gold:   70         SH:  9    Dex: 11    Spells: 4/4 levels left

rFire    . . .     SeeInvis +   a - +0 rapier
rCold    . . .     Gourm    .   c - +0 shield
rNeg     . . .     Faith    +   b - +0 scale mail
rPois    .         Spirit   .   (helmet unavailable)
rElec    .         Reflect  .   (no cloak)
rCorr    .         Harm     .   (no gloves)
MR       .....                  (no boots)
Stlth    +.........             m - amulet of faith
HPRegen  0.13/turn              i - ring of wizardry
MPRegen  0.10/turn              (no ring)

@: lethally poisoned (-2 -> -6)
A: permanent stasis, dig shafts and tunnels, four strong arms, antennae 3
a: Dig, Shaft Self, Minor Destruction, Renounce Religion


You were on level 3 of the Dungeon.
You worshipped Makhleb.
Makhleb was pleased with you.
You were not hungry.

You visited 1 branch of the dungeon, and saw 3 of its levels.

You collected 70 gold pieces.

Inventory:

Hand Weapons
 a - a +0 rapier (weapon)
 k - a +0 dagger
Armour
 b - a +0 scale mail (worn)
 c - a +0 shield (worn)
Jewellery
 i - a ring of wizardry (left hand)
 m - an amulet of faith (around neck)
 p - an uncursed amulet of the gourmand {unknown}
Scrolls
 h - 7 scrolls of identify {unknown}
 j - a scroll of amnesia {unknown}
 l - 2 scrolls of remove curse {unknown}
Potions
 d - a potion of might
 e - 4 potions of curing {unknown}
 g - a potion of flight {unknown}
 n - a potion of brilliance {unknown}
 o - a potion of heal wounds {unknown}
Comestibles
 f - 4 rations


   Skills:
 - Level 3.2 Fighting
 * Level 3.8 Short Blades
 - Level 3.2 Armour
 * Level 4.1 Stealth
 - Level 3.6 Shields
 * Level 2.0 Invocations


You had 4 spell levels left.
You didn't know any spells.
Your spell library was empty.

Dungeon Overview and Level Annotations

Branches:
Dungeon (3/15)

Altars:
Hepliaklqana
Makhleb
Yredelemnul
The Shining One


Innate Abilities, Weirdness & Mutations

You cannot be hasted, slowed, berserked, paralysed or teleported.
You can dig through walls and to a lower floor.
Your four strong arms can wield two-handed weapons with a shield.
You have a pair of large antennae on your head. (SInv)


Message History

Your Stealth skill increases to level 4!
Your Invocations skill increases to level 2!
You feel sick. You block the orc's attack.
The orc hits you with a +0 quarterstaff.
The orc hits you with a +0 club.
* * * LOW HITPOINT WARNING * * *
Unknown command.
Okay, then.
You hit the orc but do no damage.
You feel sick. You block the orc's attack.
The orc hits you with a +0 quarterstaff.
* * * LOW HITPOINT WARNING * * *
The orc hits you but does no damage.
You hit the orc but do no damage. You block the orc's attack.
The orc barely misses you. You block the orc's attack.
The orc closely misses you.
Unknown command.
You closely miss the orc. The orc hits you with a +0 whip.
* * * LOW HITPOINT WARNING * * *
The orc hits you with a +1 dagger of venom.
You die...

#####+####
#########.........
................# #
................# .#
................# ..#
.......)........# ...'
#########'#......##..).#
#.......#.#..†..oo.....#
#..<....#.#.....@o.....#
#.......#.#..†..o......#
#.......')###........###
#.......### #>.......#
#.......# #........#
##...#### #........#
#.### #........# #.
#........# #. #........


You could see 4 orcs.

Vanquished Creatures
  An orc priest (D:3)
  4 gnolls
  4 adders (D:2)
  A worm (D:2)
  A leopard gecko (D:2)
  7 bats
  2 giant cockroaches (D:1)
  6 hobgoblins
  6 jackals
  6 frilled lizards
  10 goblins
  2 kobolds
  3 rats
53 creatures vanquished.

Notes
Turn   | Place    | Note
-------+----------+-------------------------------------------
     0 | D:1      | 2tousent the Formicid Fighter began the quest for the Orb.
     0 | D:1      | Reached XP level 1. HP: 18/18 MP: 1/1
    29 | D:1      | Reached skill level 1 in Stealth
    63 | D:1      | Reached XP level 2. HP: 24/24 MP: 2/2
   153 | D:1      | Reached skill level 2 in Stealth
   199 | D:1      | Reached XP level 3. HP: 26/29 MP: 3/3
   490 | D:2      | Reached skill level 3 in Stealth
   490 | D:2      | Reached XP level 4. HP: 16/35 MP: 4/4
   724 | D:2      | Found a faded altar of an unknown god.
   740 | D:2      | Became a worshipper of Makhleb the Destroyer
   740 | D:2      | Reached * piety under Makhleb
   869 | D:2      | Reached skill level 1 in Invocations
   922 | D:2      | Reached XP level 5. HP: 30/41 MP: 5/5
   967 | D:2      | Found a basalt altar of Yredelemnul.
   976 | D:2      | Found a glowing golden altar of the Shining One.
  1103 | D:2      | Found a hazy altar of Hepliaklqana.
  1294 | D:2      | Noticed an angel
  1757 | D:3      | Reached ** piety under Makhleb
  1757 | D:3      | Reached skill level 4 in Stealth
  1760 | D:3      | HP: 2/41 [orc/+0 whip (3)]
  1760 | D:3      | Slain by an orc

Levels and vault maps discovered:
D:1:      minmay_arrival_open_corners, layout_basic,
          hangedman_decor_clover_reticule
D:2:      layout_loops_ring, lemuel_crystal_altar,
          grunt_temple_overflow_holy_war, nicolae_overflow_hidden_temple,
          chequers_ecumenical_altar_simple_redux, minmay_tiny_reverse_x
D:3:      layout_basic, old_standard_altar, first_ration,
          kennysheep_another_room, xom_redecorated

Skill      XL: |  1  2  3  4  5 |
---------------+----------------+-----
Stealth        | 1 2 3 4 |  4.1
Short Blades   | 3 |  3.8
Invocations    | 1 2 |  2.0
Fighting       | |  3.2
Armour         | |  3.2
Shields        | |  3.6

Action                   |  1- 3 |  4- 6 || total
-------------------------+-------+-------++-------
Melee: Rapier            |   113 |    85 ||   198
  Eat: Chunk             |       |     3 ||     3
Armor: Scale mail        |    57 |    37 ||    94
Dodge: Dodged            |    34 |    26 ||    60
Block: Shield            |    76 |    48 ||   124

Table legend:
 A = Non-vault XP
 B = Vault XP
 C = Vault XP percentage of total XP
 D = Non-vault monster count
 E = Vault monster count
 F = Vault count percentage of total count
                 A         B        C        D         E       F
            +---------+---------+-------+---------+---------+-------
      Total |     213 |      14 |   6.2 |      51 |       2 |   3.8
            +---------+---------+-------+---------+---------+-------
        D:1 |      60 |       0 |   0.0 |      28 |       0 |   0.0
        D:2 |     102 |      14 |  12.1 |      15 |       2 |  11.8
        D:3 |      51 |       0 |   0.0 |       8 |       0 |   0.0
            +---------+---------+-------+---------+---------+-------
